 Dungeon Crawl Stone Soup version 0.31.0-12-g77e489cdc1 (console) character file.

Game seed: 11422310991205074345

851 AlterAsc the Cleaver (level 8, -2/58 HPs)
             Began as a Formicid Fighter on Mar 7, 2024.
             Was a Follower of Okawaru.
             Slain by a two-headed ogre
             ... wielding a +0 giant club
              (17 damage)
             ... on level 5 of the Dungeon.
             The game lasted 00:11:10 (3948 turns).

AlterAsc the Cleaver (Formicid Fighter)             Turns: 3948, Time: 00:11:11

Health: -2/58      AC: 10    Str: 23    XL:     8   Next: 21%
Magic:  8/8        EV:  8    Int:  8    God:    Okawaru [*.....]
Gold:   325        SH:  5    Dex: 13    Spells: 7/7 levels left

rFire   . . .        w - +0 broad axe
rCold   . . .        c - +0 buckler
rNeg    + . .        m - +0 chain mail
rPois   .            (helmet unavailable)
rElec   .            j - scarf {repulsion}
rCorr   .            y - +0 pair of gloves
SInv    +            (no boots)
Will    .....        (no amulet) Stlth
                     o - ring of positive energy
HPRegen 0.29/turn    (no ring)
MPRegen 0.11/turn

%: repel missiles
@: no status effects
A: permanent stasis, dig shafts and tunnels, antennae 3, four strong arms
a: Dig, Shaft Self, Renounce Religion, Heroism


You were on level 5 of the Dungeon.
You worshipped Okawaru.
Okawaru was aware of your devotion.
You visited 2 branches of the dungeon, and saw 6 of its levels.

You collected 325 gold pieces.

Inventory:

Hand Weapons
 a - a +0 war axe
 d - a +3 flail of pain
 k - a +1 hand axe of electrocution
 w - a +0 broad axe (weapon)
 z - a +0 halberd
 A - a +1 hand axe of venom
Missiles
 t - 2 atropa-tipped darts
Armour
 b - a +0 scale mail
 c - a +0 buckler (worn)
 e - a +1 scale mail of poison resistance
 j - a scarf of repulsion (worn)
 m - a +0 chain mail (worn)
 y - a +0 pair of gloves (worn)
Jewellery
 o - a ring of positive energy (left hand)
Scrolls
 h - 2 scrolls of fear
 l - a scroll of fog
 n - 2 scrolls of poison
 q - a scroll of teleportation
 r - a scroll of brand weapon {unknown}
 v - 3 scrolls of enchant armour
Potions
 f - 4 potions of haste
 g - a potion of invisibility
 s - a potion of lignification
 u - 2 potions of curing
 x - a potion of berserk rage


   Skills:
 - Level 3.3 Fighting
 + Level 8.9 Axes
 - Level 3.3 Armour
 - Level 4.1 Shields
 + Level 0.2 Invocations


You had 7 spell levels left.
You didn't know any spells.
Your spell library contained the following spells:

 Spells                   Type           Power      Damage    Failure   Level
 Cigotuvi's Dreadful Rot  Necr/Alch/Air  0%         N/A       99%         2
 Fugue of the Fallen      Necr           0%         N/A       100%        3
 Gell's Gravitas          Tloc           0%         N/A       100%        3
 Ozocubu's Armour         Ice            0%         N/A       100%        3
 Teleport Other           Tloc           0%         N/A       100%        3
 Ignite Poison            Fire/Alch      0%         N/A       100%        4
 Manifold Assault         Tloc           0%         N/A       100%        4
 Freezing Cloud           Conj/Ice/Air   0%         6-21      100%        5
 Dispersal                Tloc           0%         N/A       100%        6


Dungeon Overview and Level Annotations

Branches:
Dungeon (5/15)             Temple (1/1) D:4

Altars:
Cheibriados
Elyvilon
Fedhas
Gozag
Nemelex Xobeh
Okawaru
Qazlal
Sif Muna
Trog
Uskayaw
Vehumet
Xom
Yredelemnul
Zin

Annotations:
D:3 1 exclusion
D:5 3 exclusions


Innate Abilities, Weirdness & Mutations

You cannot be hasted, slowed, berserked, paralysed or teleported.
You can dig through walls and to a lower floor.
You have a pair of large antennae on your head. (SInv)
Your four strong arms can wield two-handed weapons with a shield.


Message History

The two-headed ogre is lightly wounded.
Throw: 3 darts (curare)
Press: ? - help, Q - select action, (/) - cycle Shift-Dir - straight line, f/p - two-headed ogre
Aim: a two-headed ogre, wielding two +0 giant clubs (lightly wounded, very poisoned, slow, 71% to hit)
You throw a curare-tipped dart.
The curare-tipped dart hits the two-headed ogre.
The two-headed ogre looks as sick as possible!
The two-headed ogre struggles to breathe.
The two-headed ogre seems to be slow for longer.
The two-headed ogre is lightly wounded.
Throw: 2 darts (curare)
Press: ? - help, Q - select action, (/) - cycle Shift-Dir - straight line, f/p - two-headed ogre
Aim: a two-headed ogre, wielding two +0 giant clubs (moderately wounded, extremely poisoned, slow, 71% to hit)
You throw a curare-tipped dart.
The curare-tipped dart closely misses the two-headed ogre.
Throw: dart (curare)
Press: ? - help, Q - select action, (/) - cycle Shift-Dir - straight line, f/p - two-headed ogre
Aim: a two-headed ogre, wielding two +0 giant clubs (moderately wounded, extremely poisoned, slow, 71% to hit)
You throw a curare-tipped dart.
The curare-tipped dart hits the two-headed ogre.
The two-headed ogre looks as sick as possible!
The two-headed ogre struggles to breathe.
The two-headed ogre seems to be slow for longer.
The two-headed ogre is heavily wounded.
You slash the two-headed ogre!
The two-headed ogre is severely wounded.
The two-headed ogre hits you with a +0 giant club!!
The two-headed ogre hits you with a +0 giant club.
* * * LOW HITPOINT WARNING * * *
You hit the two-headed ogre.
The two-headed ogre is severely wounded.
You closely miss the two-headed ogre.
The two-headed ogre is almost dead.
The two-headed ogre closely misses you. You block the two-headed ogre's attack.
You barely miss the two-headed ogre.
The two-headed ogre is almost dead.
You barely miss the two-headed ogre.
The two-headed ogre is almost dead.
The two-headed ogre hits you with a +0 giant club!
You die...

#..................
#..................
#..................
#.(................
#............######
##(.<.........#
#..(.##########
#....#...+
+..(.'...#
#+###..O.###.#
.......@...#
...........#
...........#
...........#
######'#......#
...'......#
...).#......#
.............#
.###...####### #. #
.


You could see a two-headed ogre (very poisoned, slow).

Vanquished Creatures
  Eustachio (D:5)
  Edmund (D:5)
  Duvessa (D:4)
  An ice beast (D:3)
  Dowan (D:4)
  2 howler monkeys
  An orc priest (D:3)
  A jelly (D:4)
  2 orc wizards (D:4)
  4 gnolls
  3 adders
  2 dart slugs
  4 ribbon worms
  11 orcs
  10 ball pythons
  5 endoplasms
  3 giant cockroaches
  9 goblins
  6 hobgoblins
  4 jackals (D:4)
  3 quokkas
  2 frilled lizards
  3 kobolds
  4 rats
84 creatures vanquished.

Notes
Turn   | Place    | Note
-------+----------+-------------------------------------------
     0 | D:1      | AlterAsc the Formicid Fighter began the quest for the Orb.
     0 | D:1      | Reached XP level 1. HP: 18/18 MP: 1/1
   278 | D:1      | Reached XP level 2. HP: 24/24 MP: 2/2
   960 | D:2      | Found a sparkling altar of Nemelex Xobeh.
  1014 | D:2      | Reached skill level 3 in Axes
  1037 | D:2      | Reached XP level 3. HP: 29/29 MP: 3/3
  1230 | D:2      | Reached XP level 4. HP: 35/35 MP: 4/4
  1461 | D:3      | Noticed an ice beast
  1585 | D:3      | Reached skill level 4 in Axes
  1737 | D:3      | Found a basalt altar of Yredelemnul.
  1737 | D:3      | Noticed a weeping skull
  1809 | D:3      | Reached XP level 5. HP: 41/41 MP: 5/5
  1957 | D:3      | Found an opulent altar of Gozag.
  1957 | D:3      | Found a sparkling altar of Nemelex Xobeh.
  2257 | D:3      | Killed an ice beast
  2258 | D:3      | Reached skill level 5 in Axes
  2258 | D:3      | Reached XP level 6. HP: 35/47 MP: 6/6
  2477 | D:4      | Noticed Dowan
  2478 | D:4      | Noticed Duvessa
  2598 | D:4      | Reached skill level 6 in Axes
  2670 | D:4      | Found a staircase to the Ecumenical Temple.
  2677 | Temple   | Entered the Ecumenical Temple
  2682 | Temple   | Became a worshipper of Warmaster Okawaru
  2953 | D:4      | Reached XP level 7. HP: 50/52 MP: 7/7
  3101 | D:4      | Reached skill level 7 in Axes
  3299 | D:5      | Entered Level 5 of the Dungeon
  3299 | D:5      | Noticed Edmund
  3310 | D:5      | Killed Edmund
  3436 | D:5      | Noticed Eustachio
  3447 | D:5      | Killed Eustachio
  3447 | D:5      | Reached * piety under Okawaru
  3448 | D:5      | Reached skill level 8 in Axes
  3664 | D:5      | Noticed a two-headed ogre
  3755 | D:4      | Killed Duvessa
  3756 | D:4      | Reached XP level 8. HP: 22/58 MP: 8/8
  3756 | D:4      | Killed Dowan
  3948 | D:5      | Slain by a two-headed ogre

Illustrated notes

Levels and vault maps discovered:
D:1:      scummos_arrival_simple_crosswalls, layout_loops_corners,
          chequers_serial_rivers_small_3, kennysheep_another_room,
          serial_bayou_pond_e
D:2:      layout_basic, basic_altar, minmay_quadrilaterals
D:3:      layout_basic, yredelemnul_forgotten_temple_becter,
          grunt_temple_overflow_opulence
D:4:      layout_cave_pools, minmay_temple_entry_glass, uniq_duvessa
D:5:      layout_gridville, kennysheep_little_box, uniq_edmund, uniq_eustachio
Temple:   minmay_freezing_vapour_temple

Skill      XL: |  1  2  3  4  5  6  7 |
---------------+----------------------+-----
Axes           | 3 4 5 6 8 |  8.9
Fighting       | |  3.3
Armour         | |  3.3
Shields        | |  4.1
Invocations    | |  0.2

Action                     |  1- 3 |  4- 6 |  7- 9 || total
---------------------------+-------+-------+-------++-------
  Melee: War axe           |    65 |    76 |       ||   141
         Broad axe         |       |    35 |    61 ||    96
  Throw: Dart              |       |     4 |     4 ||     8
    Use: Scroll            |       |       |    11 ||    11
         Potion            |       |       |     2 ||     2
 Armour: Scale mail        |    13 |       |       ||    13
         Chain mail        |    21 |    98 |    62 ||   181
  Dodge: Dodged            |    26 |    39 |    24 ||    89
         Repelled          |       |     2 |       ||     2
  Block: Buckler           |    14 |    26 |    23 ||    63
